 Dungeon Crawl Stone Soup version 0.27.1-2-g3b301248ec (webtiles) character file.

Game seed: 11249588611348000217

72 gnolly the Grave Robber (level 4, -1/30 HPs)
             Began as a Mummy Necromancer on Sept 29, 2021.
             Slain by a black bear (7 damage)
             ... on level 3 of the Dungeon.
             The game lasted 00:14:17 (3348 turns).

gnolly the Grave Robber (Mummy Necromancer)         Turns: 3348, Time: 00:14:17

Health: -1/30      AC:  2    Str: 11    XL:     4   Next: 7%
Magic:  0/9        EV: 12    Int: 15    God:
Gold:   63         SH:  0    Dex: 12    Spells: 5/10 levels left

rFire    x . .     SeeInvis .   c - +0 club
rCold    + . .     Faith    .   (no shield)
rNeg     + + +     Spirit   .   a - +0 robe
rPois    ∞         Reflect  .   (no helmet)
rElec    .         Harm     .   (no cloak)
rCorr    .         Rampage  .   (no gloves)
Will     .....                  (no boots)
Stlth    ++........             (no amulet)
HPRegen  0.10/turn              (no ring)
MPRegen  0.11/turn              (no ring)

@: no status effects
A: cold resistance 1, negative energy resistance 3, torment resistance 2, heat
vulnerability 1, no potions
a: no special abilities


You were on level 3 of the Dungeon.
You visited 1 branch of the dungeon, and saw 3 of its levels.

You collected 63 gold pieces.

Inventory:

Hand Weapons
 c - a +0 club (weapon)
Missiles
 b - 6 boomerangs
 g - 8 datura-tipped darts
Armour
 a - a +0 robe (worn)
Scrolls
 d - a scroll of acquirement {unknown}
 e - 2 scrolls of identify {unknown}
 f - a scroll of enchant weapon {unknown}
 h - a scroll of amnesia {unknown}


   Skills:
 + Level 0.1 Fighting
 - Level 0.1 Maces & Flails
 + Level 1.8 Dodging
 + Level 1.7 Stealth
 + Level 3.8 Spellcasting
 * Level 4.9 Necromancy


You had 5 spell levels left.
You knew the following spells:

 Your Spells              Type           Power      Damage    Failure   Level
a - Pain                  Necr           68%        1d7       2%          1
b - Animate Skeleton      Necr           34%        N/A       2%          1
c - Vampiric Draining     Necr           8%         2d7       8%          3

Your spell library contained the following spells:

 Spells                   Type           Power      Damage    Failure   Level
 Animate Dead             Necr           8%         N/A       24%         4
 Gell's Gravitas          Tloc           1%         N/A       50%         3
 Teleport Other           Tloc           2%         N/A       50%         3
 Agony                    Necr           17%        N/A       56%         5
 Dispersal                Tloc           1%         N/A       100%        6


Dungeon Overview and Level Annotations

Branches:
Dungeon (3/15)

Altars:


Innate Abilities, Weirdness & Mutations

You are immune to poison.
Your flesh is cold resistant. (rC+)
You are immune to negative energy. (rN+++)
You are immune to unholy pain and torment.
You are vulnerable to heat. (rF-)
You do not drink.


Message History

Confirm with . or Enter, or press ? or * to list all spells.
Aiming: Pain (safe; 2% risk of failure)
Press: ? - help, Shift-Dir - straight line, f/p - black bear
Aim: a black bear (moderately wounded, chance to affect: 76%)
The black bear writhes in agony.
The black bear closely misses you. The black bear claws you. x2
A black bear is nearby!
Your magical contamination has completely faded away.
Casting: Pain (safe; 2% risk of failure)
Confirm with . or Enter, or press ? or * to list all spells.
You don't have enough magic to cast this spell.
You closely miss the black bear.
The black bear is moderately wounded.
The black bear closely misses you. The black bear claws you.
The black bear closely misses you. The black bear bites you.
The black bear claws you. The black bear misses you.
Found a spear.
Casting: Pain (safe; 2% risk of failure)
Confirm with . or Enter, or press ? or * to list all spells.
The spell is quite dangerous to cast (8% risk of failure)!
Continue anyway?
Aiming: Vampiric Draining (quite dangerous; 8% risk of failure)
Press: ? - help, Shift-Dir - straight line, f/p - black bear
Aim: a black bear (moderately wounded)
You draw life force from the black bear!
You feel life coursing into your body. The black bear bites you!
The black bear completely misses you. The black bear misses you.
A rat comes into view.
Found 11 gold pieces.
Casting: Vampiric Draining (quite dangerous; 8% risk of failure)
Confirm with . or Enter, or press ? or * to list all spells.
Aiming: Pain (safe; 2% risk of failure)
Press: ? - help, Shift-Dir - straight line, f/p - black bear
Aim: a black bear (severely wounded, chance to affect: 76%)
The black bear writhes in agony.
The black bear closely misses you. The black bear claws you.
* * * LOW HITPOINT WARNING * * *
The black bear claws you.
* * * LOW HITPOINT WARNING * * *
The black bear bites you!
You die...

#...........###..
#................
#..........).###.
#............# ##
########............####
............#..........#
.............#...##...#.
r......h.###..#..##..#..
.......@.# #...#....#...
.....)...##.....#..#....
$........##..##..##..##)
.........##..##..##..##.
.........##.. .. ..#....
.......... .... ..
.........# .# . ..
########## .#.


You could see a black bear and a rat (asleep).

Vanquished Creatures
  2 adders (D:2)
  3 dart slugs (D:1)
  An orc (D:3)
  3 ball pythons
  4 endoplasms
  A giant cockroach (D:2)
  4 goblins
  4 hobgoblins
  3 quokkas
  7 bats
  4 frilled lizards
  3 kobolds
  7 rats
46 creatures vanquished.

Vanquished Creatures (collateral kills)
  A bat (D:1)
  A rat (D:3)
2 creatures vanquished.

Vanquished Creatures (others)
  A plant (D:2)
  2 withered plants (D:2)
3 creatures vanquished.

Grand Total: 51 creatures vanquished

Notes
Turn   | Place    | Note
-------+----------+-------------------------------------------
     0 | D:1      | gnolly the Mummy Necromancer began the quest for the Orb.
     0 | D:1      | Reached XP level 1. HP: 13/13 MP: 4/4
   145 | D:1      | Learned a level 1 spell: Animate Skeleton
   294 | D:1      | Reached XP level 2. HP: 5/19 MP: 0/5
  1775 | D:2      | Reached XP level 3. HP: 19/24 MP: 3/7
  2243 | D:2      | Found a faded altar of an unknown god.
  2402 | D:2      | Learned a level 3 spell: Vampiric Draining
  3068 | D:3      | Reached XP level 4. HP: 24/30 MP: 1/9
  3317 | D:3      | Noticed a black bear
  3348 | D:3      | Slain by a black bear

Illustrated notes

Levels and vault maps discovered:
D:1:      minmay_arrival_semitransparent, layout_basic, roderic_lattice_a
D:2:      layout_rooms, shapermc_ecumenical_altar_flowoftime
D:3:      layout_basic, minivault_14, minivault_26,
          chequers_serial_rivers_room_b, dk_noncrumbling_4, serial_bayou_pond_e

Skill      XL: |  1  2 |
---------------+-------+-----
Spellcasting   | 3 |  3.8
Fighting       | |  0.1
Maces & Flails | |  0.1
Dodging        | |  1.8
Stealth        | |  1.7
Necromancy     | |  4.9

Action                   |  1- 3 |  4- 6 || total
-------------------------+-------+-------++-------
Melee: Club              |    69 |     2 ||    71
       Unarmed           |     4 |       ||     4
 Cast: Pain              |    67 |    14 ||    81
       Animate Skeleton  |     9 |     2 ||    11
       Vampiric Draining |       |     1 ||     1
 Stab: Sleeping          |     1 |       ||     1
Armor: Robe              |    21 |     1 ||    22
Dodge: Dodged            |    78 |     9 ||    87
